Map: Kairos Junction LE

Players

Throwfordays - Winner!

  • Race: Zerg Zerg
  • League: Silver
  • Spawn Location: 11:00

wildwolf

  • Race: Zerg Zerg
  • League: Silver
  • Spawn Location: 5:00

VOD

Have the link to the VOD?

Description

Time

  • Played on: May 14, 2019, 4:14 p.m.
  • Length: 11:23
Show
View Real Time Build Order
Export as new Build Order

Throwfordays Zerg - Winner!

Build Orders: Hatch First 

Get SALT Encoding   

  12  0:01  Drone  
  13  0:13  Overlord  
  13  0:17  Drone  
  14  0:32  Drone  
  15  0:47  Hatchery  
  15  0:49  Drone  
  15  0:53  Drone  
  16  1:21  Spawning Pool  
  16  1:24  Drone  
  16  1:28  Extractor  
  16  1:29  Drone  
  16  1:39  Drone  
  17  1:44  Drone  
  18  1:53  Drone  
  19  1:58  Overlord  
  19  2:00  Drone  
  20  2:07  Queen  
  22  2:10  Zergling x2  
  22  2:13  Drone  
  24  2:19  Queen  
  26  2:24  Drone  
  27  2:30  Zergling x4  
  27  2:34  Drone  
  30  2:48  Zergling x2  
  30  2:49  Drone  
  32  2:53  Metabolic Boost  
  32  2:55  Drone  
  33  2:59  Extractor  
  33  3:05  Drone x2  
  34  3:08  Overlord  
  34  3:20  Zergling x4  
  34  3:23  Overlord x2  
  36  3:27  Drone x2  
  36  3:32  Drone  
  36  3:33  Drone x2  
  41  3:36  Drone  
  42  3:42  Drone  
  42  3:45  Lair  
  43  3:57  Drone  
  43  3:59  Drone x2  
  46  4:04  Drone  
  46  4:05  Drone x3  
  46  4:07  Drone x2  
  52  4:10  Extractor  
  52  4:13  Extractor  
  50  4:18  Roach Warren  
  49  4:26  Evolution Chamber  
  49  4:28  Drone  
  40  4:45  Spine Crawler  
  40  4:46  Spine Crawler  
  40  4:48  Zergling x10, Spine Crawler x2  
  40  4:49  Zergling x2, Spine Crawler  
  39  5:05  Queen  
  41  5:12  Zergling x2  
  41  5:13  Zergling x2  
  37  5:25  Glial Reconstitution  
  37  5:39  Drone x4  
  41  5:56  Hatchery  
  40  5:58  Roach x3  
  40  5:59  Roach  
  48  6:16  Roach x3  
  48  6:18  Hatchery  
  53  6:19  Overlord  
  53  6:43  Roach x2  
  57  7:06  Extractor  
  57  7:08  Extractor, Drone  
  55  7:10  Queen  
  58  7:17  Roach x3  
  64  7:25  Drone  
  64  7:29  Roach  
  67  7:31  Drone  
  67  7:34  Drone  
  67  7:36  Queen  
  71  7:39  Overlord  
  71  7:43  Overlord  
  71  7:50  Drone x3  
  74  7:52  Overlord  
  74  7:59  Drone x2  
  74  8:05  Drone x2  
  78  8:12  Queen  
  80  8:16  Drone  
  81  8:30  Drone x3  
  84  8:35  Evolution Chamber  
  69  8:50  Roach x3  
  69  8:52  Roach  
  69  8:53  Roach x5  
  81  9:05  Roach  
  77  9:12  Roach x2  
  75  9:28  Zerg Missile Weapons Level 1  
  75  9:38  Drone  
  75  9:44  Roach x3  
  82  9:49  Roach x2  
  86  9:54  Drone x3  
  86  9:55  Drone x2  
  91  10:01  Roach x2  
  91  10:04  Roach  
  97  10:17  Overlord x3  
  97  10:19  Overlord  
  97  10:20  Overlord x4  
Show
View Real Time Build Order
Export as new Build Order

wildwolf Zerg 

Build Orders: Pool First 

Get SALT Encoding   

  12  0:03  Drone  
  13  0:17  Drone  
  13  0:19  Overlord  
  14  0:27  Extractor  
  13  0:29  Drone  
  15  0:40  Drone  
  15  0:41  Drone  
  17  1:07  Drone  
  17  1:08  Drone  
  18  1:16  Spawning Pool  
  17  1:22  Drone x2  
  19  1:36  Hatchery  
  19  1:37  Drone  
  19  1:44  Extractor  
  18  1:52  Drone  
  18  1:53  Extractor  
  18  1:58  Overlord  
  18  2:13  Drone  
  18  2:14  Queen  
  21  2:21  Drone  
  22  2:34  Metabolic Boost  
  22  2:38  Zergling x4  
  24  2:49  Zergling x2  
  27  3:02  Zergling x2  
  28  3:08  Zergling x4  
  30  3:17  Lair  
  28  3:28  Zergling x4  
  30  3:34  Zergling x2  
  30  3:35  Zergling x8  
  35  3:48  Zergling x2  
  36  3:55  Overlord  
  36  4:11  Overlord  
  36  4:20  Zergling x2  
  36  4:21  Zergling x6  
  40  4:25  Zergling x4  
  40  4:26  Zergling x2  
  41  4:53  Zergling x2  
  41  4:54  Zergling x4  
  41  4:58  Zergling x4  
  44  5:09  Roach Warren  
  26  5:39  Zergling x4  
  26  5:40  Zergling x2  
  29  5:45  Zergling x6  
  29  5:49  Tunneling Claws  
  32  5:56  Roach  
  34  6:00  Overlord  
  34  6:21  Roach x2  
  38  6:27  Roach x2  
  38  6:31  Queen  
  44  6:42  Roach x2  
  50  6:47  Roach x2  
  52  7:00  Roach x2  
  56  7:04  Drone x2  
  56  7:08  Glial Reconstitution  
  58  7:20  Drone  
  59  7:26  Overlord  
  59  7:39  Overlord  
  59  7:53  Ravager x4  
  63  8:02  Roach x2  
  63  8:03  Roach x4  
  75  8:15  Overlord x3  
  28  9:34  Roach x3  
  34  9:41  Roach x2  
  34  9:42  Roach x4  
  46  9:56  Drone  
  47  10:03  Drone x2  
  49  10:15  Drone x2, Infestation Pit  
  50  10:22  Drone x2  
  52  10:29  Drone  
  35  10:53  Roach x2  
  35  10:54  Roach  
  37  10:58  Roach x2  
  35  11:07  Spine Crawler  
Tags
 
Add a new tag
Caveats
  • Supply blocks, unpowered buildings, or Contaminate may cause inaccurate times.
  • Supply counts are checked every 10 seconds.